 Dungeon Crawl Stone Soup version 0.31-a0-986-g5e6e4ef867 (webtiles) character file.

Game seed: 15927521800669338454

288 mandarbmax the Sneak (level 6, -1/32 HPs)
             Began as a Vine Stalker Brigand on Nov 16, 2023.
             Slain by an orc
             ... wielding a +0 flail
              (5 damage)
             ... on level 3 of the Dungeon.
             The game lasted 00:02:49 (1869 turns).

mandarbmax the Sneak (Vine Stalker Brigand)         Turns: 1869, Time: 00:02:50

Health: -1/32      AC: 11    Str: 16    XL:     6   Next: 31%
Magic:  0/7        EV:  8    Int: 11    God:
Gold:   142        SH:  0    Dex: 15    Spells: 5/5 levels left

rFire   . . .        a - +2 dagger
rCold   . . .        (no shield)
rNeg    . . .        g - +1 chain mail {Will+}
rPois   .            l - +0 helmet
rElec   .            c - +0 cloak
rCorr   .            (no gloves)
SInv    .            (no boots)
Will    +....        (no amulet)
Stlth   +            (no ring)
HPRegen 1.05/turn    (no ring)
MPRegen 0.10/turn

%: guardian spirit
@: lethally poisoned (-1 -> -2)
A: fangs 2, regeneration 1, magic shield, antimagic bite, no potion heal 2
a: no special abilities


You were on level 3 of the Dungeon.
You visited 1 branch of the dungeon, and saw 3 of its levels.

You collected 142 gold pieces.

Inventory:

Hand Weapons
 a - a +2 dagger (weapon)
Missiles
 d - 9 poisoned darts (quivered)
 e - 3 curare-tipped darts
Armour
 c - a +0 cloak (worn)
 g - a +1 chain mail of willpower (worn)
 l - a +0 helmet (worn)
Scrolls
 b - a scroll of poison
 i - a scroll of torment {unknown}
 m - a scroll of identify {unknown}
 o - 2 scrolls of teleportation {unknown}
Potions
 f - 4 potions of curing {unknown}
 j - a potion of heal wounds {unknown}
 k - a potion of attraction {unknown}
 n - a potion of mutation {unknown}


   Skills:
 + Level 2.8 Fighting
 * Level 3.7 Short Blades
 - Level 1.7 Throwing
 + Level 1.6 Armour
 + Level 2.0 Dodging
 + Level 5.8 Stealth


You had 5 spell levels left.
You didn't know any spells.
Your spell library was empty.

Dungeon Overview and Level Annotations

Branches:
Dungeon (3/15)

Altars:
Zin

Shops:
D:3 *


Innate Abilities, Weirdness & Mutations

You have extremely sharp teeth.
Your natural rate of healing is unusually fast.
When hurt, damage is shared between your health and your magic reserves.
Your bite disrupts and absorbs the magic of your enemies.
Potions cannot restore your health.


Message History

The orc barely misses you. The orc hits you but does no damage.
You are more poisoned.
The orc barely misses you.
You barely miss the orc.
The endoplasm quivers.
You bite the orc. You drain its power.
You feel invigorated.
The orc is lightly wounded.
You feel sick.
You hit the orc but do no damage. Your bite misses the orc.
The orc is lightly wounded.
You feel sick. The orc completely misses you.
The orc hits you but does no damage. The orc completely misses you.
You feel sick. The orc hits you but does no damage.
The orc attacks as it pursues you! The orc hits you but does no damage.
You are more poisoned.
You feel very sick.
You hit the orc but do no damage.
The orc is severely wounded.
You feel sick. The orc barely misses you.
You hit the orc but do no damage.
The orc is lightly wounded.
You feel sick. The orc hits you with a +0 flail. The orc barely misses you.
The orc hits you with a +1 mace of venom.
You hit the orc but do no damage. You punch the orc, but do no damage.
You bite the orc. You drain its power.
You feel invigorated.
The orc is moderately wounded.
You feel sick.
You feel sick. The orc attacks as it pursues you! The orc barely misses you.
The orc hits you with a +0 flail.
* * * LOW HITPOINT WARNING * * *
The air fills with toxic fumes!
As you read the scroll labelled EKUESAVUN, it crumbles to dust.
It was a scroll of poison.
You feel sick. The orc hits you but does no damage.
The orc hits you with a +0 flail!
* * * LOW HITPOINT WARNING * * *
As you read the scroll labelled WIUPIAMUWNY, it crumbles to dust.
It is a scroll of enchant armour.
Your +0 chain mail of willpower glows green for a moment.
You feel sick. The orc misses you. The orc hits you with a +0 flail!
You die...

###...##....~~≈≈≈≈~~~~
#§§§##§§§§#~~~≈≈≈≈≈~
####§§§##§§§§###~~~≈≈≈≈
#§§§§§§##§§§§#####~~~~≈
#§§§§§§§§§§§§§....
#§§§§§§§§§§§§§...#
#§§§§§§§§§§§§§....
#§§§§§§§§§§§§§≈≈≈≈
#§§§§§@o§§§§§§≈≈≈≈
#§§§§##oo§§§####..
#§§§. #J§§§§#..#8# #§§
#.§§§§##.### #§ #§§§§§#
... # .§§§§§## .#
..§§§§§§§# ...§§§§§§##
#......≈≈.#g


You could see 3 orcs and an endoplasm.

Vanquished Creatures
  Sigmund (D:2)
  Jessica (D:2)
  Natasha (D:2)
  Robin (D:2)
  An adder (D:2)
  A worm (D:2)
  3 dart slugs (D:1)
  2 endoplasms
  A giant cockroach (D:2)
  13 goblins
  9 hobgoblins
  9 ball pythons
  6 bats
  2 frilled lizards (D:1)
  8 rats
59 creatures vanquished.

Notes
Turn   | Place    | Note
-------+----------+-------------------------------------------
     0 | D:1      | mandarbmax the Vine Stalker Brigand began the quest for the
                  | Orb.
     0 | D:1      | Reached XP level 1. HP: 11/11 MP: 2/2
   127 | D:1      | Reached skill level 1 in Dodging
   127 | D:1      | Reached XP level 2. HP: 12/15 MP: 3/3
   134 | D:1      | Found a faded altar of an unknown god.
   263 | D:1      | Reached skill level 5 in Stealth
   437 | D:1      | Reached XP level 3. HP: 17/18 MP: 2/4
   906 | D:2      | Noticed Robin
   948 | D:2      | Killed Robin
   996 | D:2      | Noticed Sigmund
  1008 | D:2      | Killed Sigmund
  1009 | D:2      | Reached skill level 1 in Armour
  1009 | D:2      | Reached XP level 4. HP: 19/23 MP: 3/5
  1009 | D:2      | Reached XP level 5. HP: 22/27 MP: 3/6
  1263 | D:2      | Noticed Natasha
  1275 | D:2      | Killed Natasha
  1276 | D:2      | Reached XP level 6. HP: 32/32 MP: 7/7
  1503 | D:2      | Noticed Jessica
  1512 | D:2      | Killed Jessica
  1784 | D:3      | Found Zin's Purification Station.
  1787 | D:3      | Found a glowing silver altar of Zin.
  1869 | D:3      | Slain by an orc

Illustrated notes

Levels and vault maps discovered:
D:1:      minmay_arrival_four_loops, layout_loops_ring,
          chequers_ecumenical_altar_simple
D:2:      layout_loops_corners, kennysheep_generic_room_13, uniq_sigmund,
          uniq_jessica, uniq_natasha, uniq_robin
D:3:      wander_river, layout_basic, zin_purify, gammafunk_ghost_gnarly_gnolls,
          kennysheep_generic_room_7

Skill      XL: |  1  2  3  4  5  6 |
---------------+-------------------+-----
Short Blades   | 2 3 |  3.7
Dodging        | 1 2 |  2.0
Fighting       | 2 |  2.8
Stealth        | 5 |  5.8
Armour         | 1 |  1.6
Throwing       | |  1.7

Action                     |  1- 3 |  4- 6 || total
---------------------------+-------+-------++-------
  Melee: Dagger            |   105 |    85 ||   190
         Bite              |    19 |    27 ||    46
         Punch             |       |     1 ||     1
  Throw: Dart              |     4 |     2 ||     6
    Use: Scroll            |       |     2 ||     2
   Stab: Sleeping          |     2 |       ||     2
 Armour: Chain mail        |    85 |    60 ||   145
  Dodge: Dodged            |    31 |    32 ||    63

Table legend: (Time is in decaauts)
 A = Elapsed time spent in this place.
 B = Non-inter-level travel time spent in this place.
 C = Inter-level travel time spent in this place.
 D = Time resting spent in this place.
 E = Time spent auto-exploring this place.
 F = Levels seen in this place.
 G = Mean time per level.
                   A        B        C        D        E       F      G
               +--------+--------+--------+--------+--------+-----+--------+
         Total |   1840 |   1793 |     47 |      0 |   1441 |   3 |  613.3 |
       Dungeon |   1840 |   1793 |     47 |      0 |   1441 |   3 |  613.3 |
               +--------+--------+--------+--------+--------+-----+--------+

Top non-repeatable levels by time:
     D:2: 950 daAuts
     D:1: 744 daAuts
     D:3: 145 daAuts
